 Dungeon Crawl Stone Soup version 0.31-a0-825-gf28bc0971e (webtiles) character file.

Game seed: 18382918751354208246

25357 qw the Skirmisher (level 13, -3/87 HPs)
             Began as a Gargoyle Hunter on Sept 23, 2023.
             Was an Elder of Okawaru.
             Slain by an eight-headed hydra (6 damage)
             ... on level 3 of the Lair of Beasts.
             The game lasted 00:06:06 (12009 turns).

qw the Skirmisher (Gargoyle Hunter)                Turns: 12009, Time: 00:06:07

Health: -3/87      AC: 24    Str: 17    XL:     13   Next: 19%
Magic:  20/20      EV: 25    Int: 14    God:    Okawaru [****..]
Gold:   478        SH:  5    Dex: 21    Spells: 12/12 levels left

rFire   . . .        r - +3 shortbow "Mamaho" {heavy, Will++ Str+4 Int+3}
rCold   . . .        (shield currently unavailable)
rNeg    + . .        q - +0 acid dragon scales
rPois   inf          (no helmet)
rElec   +            o - +0 cloak
rCorr   +            (no gloves)
SInv    .            (no boots)
Will    ++...        n - amulet of reflection
Stlth   +++          d - +5 ring of evasion
HPRegen 0.34/turn    p - +4 ring of protection
MPRegen 0.17/turn

%: reflection
@: heroic
A: sickness immunity, AC +9, negative energy resistance 1, electricity
resistance, torment resistance 1, petrification resistance, agile 1, wild magic
1
a: Renounce Religion, Heroism, Finesse


You were on level 3 of the Lair of Beasts.
You worshipped Okawaru.
Okawaru was greatly pleased with you.
You visited 3 branches of the dungeon, and saw 14 of its levels.

You collected 603 gold pieces.
You spent 125 gold pieces at shops.


Innate Abilities, Weirdness & Mutations

You are immune to sickness and miasma.
Your stone body is resilient. (AC +9)
You are immune to poison.
You resist negative energy. (rN+)
You are resistant to electric shocks. (rElec)
You are resistant to unholy torment.
You are immune to petrification.
You are agile. (Dex +4, Str/Int -1)
Your spells are a little harder to cast, but a little more powerful.


   Skills:
 + Level 12.4(17.4) Fighting
 - Level 14.0(19.0) Ranged Weapons
 - Level 6.1(11.1) Armour
 - Level 7.0(12.0) Dodging
 - Level 1.1(6.1) Stealth
 - Level 10.0 Invocations


You had 12 spell levels left.
You didn't know any spells.
Your spell library was empty.

Inventory:

Hand Weapons
 r - the +3 shortbow "Mamaho" (weapon) {heavy, Will++ Str+4 Int+3}
   (You found it on level 8 of the Dungeon)

   Str+4:     It affects your strength (+4).
   Int+3:     It affects your intelligence (+3).
   Will++:    It greatly increases your willpower.
Armour
 o - a +0 cloak (worn)
 q - +0 acid dragon scales (worn)
Jewellery
 b - a ring of fire
 d - a +5 ring of evasion (left hand)
 n - an amulet of reflection (around neck)
 p - a +4 ring of protection (right hand)
Scrolls
 a - 4 scrolls of identify
Potions
 c - 2 potions of might
 f - 8 potions of curing
 g - a potion of magic
 h - a potion of haste
 i - a potion of resistance
 j - 3 potions of mutation
 k - a potion of enlightenment
 l - 2 potions of cancellation

Dungeon Overview and Level Annotations

Branches:
Dungeon (10/15)            Temple (1/1) D:6            Lair (3/5) D:10
  Snake (0/4) Lair:3
  Swamp: Lair:2-3    Shoals: Lair:2-3       Orc: D:9-12

Altars:
Ashenzari
Cheibriados
Dithmenos
Elyvilon
Fedhas
Gozag
Hepliaklqana
Kikubaaqudgha
Makhleb
Nemelex Xobeh
Okawaru
Qazlal
Ru
Sif Muna
Trog
Uskayaw
Vehumet
Wu Jian
Xom
Yredelemnul
Zin
The Shining One

Shops:
D:2 ?   D:5 *

Portals:
Abyss: Lair:2

Annotations:
D:1 1 transporter
Lair:1 1 runed translucent door
Lair:2 2 transporters, qw's ghost, journeyman GrHu


Message History

You block the eight-headed hydra's attack.
The eight-headed hydra misses you.
The eight-headed hydra completely misses you.
The eight-headed hydra closely misses you.
The eight-headed hydra completely misses you.
The eight-headed hydra bites you but does no damage.
The elephant closely misses you. The elephant completely misses you.
You shoot an arrow. The arrow hits the elephant!
The elephant is heavily wounded.
The eight-headed hydra barely misses you.
The eight-headed hydra bites you.
The eight-headed hydra bites you but does no damage. x2
The eight-headed hydra misses you. The eight-headed hydra bites you.
The eight-headed hydra barely misses you.
The eight-headed hydra closely misses you.
The elephant misses you. The elephant closely misses you.
The eight-headed hydra completely misses you. x2
The eight-headed hydra bites you.
The eight-headed hydra bites you but does no damage.
The eight-headed hydra completely misses you.
You block the eight-headed hydra's attack.
The eight-headed hydra barely misses you.
The eight-headed hydra bites you but does no damage.
You shoot an arrow. The arrow hits the elephant!!
The elephant is almost dead.
You block the elephant's attack. The elephant closely misses you.
The eight-headed hydra bites you but does no damage.
The eight-headed hydra closely misses you.
The eight-headed hydra completely misses you.
The eight-headed hydra bites you but does no damage. x2
You block the eight-headed hydra's attack.
The eight-headed hydra completely misses you. x2
You shoot an arrow. The arrow hits the elephant!!
You kill the elephant!
Okawaru accepts your kill.
The eight-headed hydra barely misses you.
You block the eight-headed hydra's attack.
The eight-headed hydra bites you but does no damage.
The eight-headed hydra bites you.
You die...

..........# ##...#..#
.....>....# #...##..##
..<.......####..Y#...#
...........###..#Y..##
..........# #.YY#%..##
#.........# ##.......#
#.........# #..Y#..P#
P........D####..#...##
..........@%.........#
...........%........##
#######.P##.P##....##
######## #####


You could see an eight-headed hydra.

Vanquished Creatures
  A two-headed ogre (D:9)
  Nergalle (D:10)
  A skyshark (Lair:3)
  Pikel (D:9)
  An oklob plant (D:10)
  Maurice (D:9)
  10 elephants (Lair:3)
  2 black mambas (Lair:1)
  4 cane toads
  Maggie (D:9)
  An unseen horror (D:10)
  5 komodo dragons
  2 tengu conjurers (D:10)
  4 trolls
  A hornet (D:9)
  Grinder (D:3)
  Prince Ribbit (D:9)
  4 polar bears
  5 blink frogs (Lair:2)
  30 yaks
  7 wyverns
  Grum (Lair:1)
  4 basilisks
  A steam dragon (D:8)
  2 nagas (Lair:3)
  3 swamp worms (D:9)
  7 water moccasins
  A black bear (D:6)
  5 orc warriors
  2 ice beasts (D:8)
  3 ogres
  A sky beast (D:7)
  10 wolves
  4 centaurs
  2 lemures
  A kobold brigand (D:6)
  8 bullfrogs
  A gnoll sergeant (D:6)
  A scorpion (D:7)
  5 wights (D:8)
  4 killer bees (D:9)
  4 howler monkeys (D:8)
  A crimson imp (D:4)
  8 orc priests
  A gnoll bouda (D:6)
  A jelly (D:6)
  6 iguanas
  Ijyb (D:5)
  Natasha (thrice) (D:3)
  13 orc wizards
  11 gnolls
  8 adders
  2 white imps (D:6)
  3 ufetubi
  2 dart slugs
  37 orcs
  9 ball pythons
  11 endoplasms
  10 giant cockroaches
  10 goblins
  8 hobgoblins
  8 jackals
  A quokka (D:4)
  6 bats
  6 frilled lizards
  2 goblin zombies (D:4)
  2 hobgoblin zombies (D:4)
  7 kobolds
  3 kobold zombies (D:4)
  2 orc skeletons (D:4)
  An orc zombie (D:4)
  6 rats
343 creatures vanquished.

Notes
Turn   | Place    | Note
-------+----------+-------------------------------------------
     0 | D:1      | qw the Gargoyle Hunter began the quest for the Orb.
     0 | D:1      | Reached XP level 1. HP: 12/12 MP: 1/1
     0 | D:1      | 0 ||| qw: Version: 0.3-a-83-gcd0e7d8
     0 | D:1      | 0 ||| qw: Game counter: 1803
     0 | D:1      | 0 ||| qw: Melee chars always use a shield: true
     0 | D:1      | 0 ||| qw: God list: Okawaru
     0 | D:1      | 0 ||| qw: Allow faded altars: false
     0 | D:1      | 0 ||| qw: Do Orc after clearing Dungeon:15 true
     0 | D:1      | 0 ||| qw: Do second Lair branch before Depths: true
     0 | D:1      | 0 ||| qw: Lair rune preference: random
     0 | D:1      | 0 ||| qw: Goals: Normal
     0 | D:1      | 0 ||| PLANNING D:1-11
   279 | D:1      | Reached XP level 2. HP: 12/17 MP: 2/2
   647 | D:1      | Reached XP level 3. HP: 21/21 MP: 3/3
   652 | D:1      | Reached skill level 5 in Ranged Weapons
   816 | D:1      | 816 ||| DROPPING +6 ring of intelligence.
   817 | D:1      | 817 ||| READING 4 scrolls labelled FASHEO RECK.
   818 | D:1      | 818 ||| READING scroll labelled EPTINE SYREOMM.
   819 | D:1      | 819 ||| READING scroll labelled VATHET QABURUSK.
   820 | D:1      | 820 ||| READING scroll labelled HIDGHOLOHIF.
   821 | D:1      | 821 ||| READING scroll labelled PYILAU ZETYR.
   822 | D:1      | 822 ||| READING 3 scrolls of identify.
   822 | D:1      | 822 ||| IDENTIFYING white potion
   823 | D:1      | 823 ||| READING 2 scrolls of identify.
   823 | D:1      | 823 ||| IDENTIFYING fuming silvery potion
   824 | D:1      | 824 ||| DROPPING scroll of butterflies.
   825 | D:1      | 825 ||| DROPPING potion of attraction.
   853 | D:2      | Identified the staff "Newtslayer" {rF+ Will+ Dex+2 Stlth-
                  | Fire}
   864 | D:2      | Found Vaixuygi's Magic Scroll Shoppe.
   869 | D:2      | 869 ||| SHOPLISTING 2 scrolls of identify (40 gold, have
                  | 15).
   869 | D:2      | 869 ||| SHOPLISTING scroll of brand weapon (95 gold, have
                  | 15).
   869 | D:2      | 869 ||| SHOPLISTING scroll of identify (20 gold, have 15).
   869 | D:2      | 869 ||| SHOPLISTING scroll of teleportation (30 gold, have
                  | 15).
   972 | D:2      | Reached skill level 3 in Fighting
  1076 | D:2      | Reached XP level 4. HP: 28/28 MP: 4/4
  1501 | D:2      | 1501 ||| UPGRADING to +0 ring mail.
  1511 | D:2      | 1511 ||| DROPPING +0 leather armour.
  1512 | D:2      | 1512 ||| READING 5 scrolls labelled ETILACH WUCEAMEPH.
  1515 | D:2      | 1515 ||| READING 2 scrolls labelled KANESO HUBE.
  1516 | D:2      | 1516 ||| DROPPING scroll of fear.
  1534 | D:3      | Found a hide-covered altar of Uskayaw.
  1570 | D:3      | Noticed Natasha
  1573 | D:3      | Killed Natasha
  1574 | D:3      | Reached skill level 1 in Armour
  1574 | D:3      | Reached XP level 5. HP: 32/32 MP: 5/5
  1604 | D:3      | Noticed Natasha
  1626 | D:3      | Killed Natasha
  1641 | D:3      | Found a faded altar of an unknown god.
  1664 | D:3      | Noticed Grinder
  1675 | D:3      | Paralysed by Grinder for 2 turns
  1689 | D:3      | Killed Grinder
  1690 | D:3      | Reached skill level 7 in Ranged Weapons
  1690 | D:3      | Reached XP level 6. HP: 16/37 MP: 6/6
  2220 | D:3      | Noticed Natasha
  2228 | D:3      | Killed Natasha
  2229 | D:3      | Reached XP level 7. HP: 40/42 MP: 7/7
  2378 | D:3      | 2378 ||| UPGRADING to +5 ring of evasion.
  2379 | D:3      | 2379 ||| READING scroll labelled HUETWO SIVEUDE.
  2380 | D:3      | 2380 ||| READING scroll labelled BYPRELUUQU.
  2410 | D:3      | 2410 ||| DRINKING 2 green potions.
  2411 | D:3      | 2411 ||| DROPPING potion of magic.
  2506 | D:4      | Found a glowing golden altar of the Shining One.
  3086 | D:4      | 3086 ||| UPGRADING to ring of positive energy.
  3087 | D:4      | 3087 ||| READING scroll labelled DOGY GATHREASCH.
  3088 | D:4      | 3088 ||| READING scroll labelled UZIEMP TEXA.
  3089 | D:4      | 3089 ||| READING 5 scrolls of identify.
  3089 | D:4      | 3089 ||| IDENTIFYING dark potion
  3090 | D:4      | 3090 ||| READING 4 scrolls of identify.
  3090 | D:4      | 3090 ||| IDENTIFYING emerald potion
  3091 | D:4      | 3091 ||| READING 3 scrolls of identify.
  3091 | D:4      | 3091 ||| IDENTIFYING yellow potion
  3092 | D:4      | 3092 ||| READING 2 scrolls of identify.
  3092 | D:4      | 3092 ||| IDENTIFYING orange potion
  3093 | D:4      | 3093 ||| DROPPING potion of brilliance.
  3114 | D:5      | Entered Level 5 of the Dungeon
  3414 | D:5      | Reached skill level 8 in Ranged Weapons
  3450 | D:5      | Found Boalix's Assorted Antiques.
  3455 | D:5      | 3455 ||| BUYING 2 cyan potions (59 gold).
  3455 | D:5      | Bought 2 cyan potions for 59 gold pieces
  3455 | D:5      | 3455 ||| SHOPLISTING scroll of enchant armour (247 gold,
                  | have 68).
  3455 | D:5      | 3455 ||| BUYING scroll of identify (66 gold).
  3455 | D:5      | Bought a scroll of identify for 66 gold pieces
  3504 | D:5      | Noticed Ijyb
  3509 | D:5      | 3509 ||| READING 6 scrolls of teleportation.
  3510 | D:5      | 3510 ||| FLEEEEING.
  3511 | D:5      | 3511 ||| FLEEEEING.
  3512 | D:5      | 3512 ||| FLEEEEING.
  3513 | D:5      | 3513 ||| FLEEEEING.
  3514 | D:5      | 3514 ||| FLEEEEING.
  3518 | D:5      | 3518 ||| FLEEEEING.
  3519 | D:5      | 3519 ||| FLEEEEING.
  3520 | D:5      | 3520 ||| FLEEEEING.
  3521 | D:5      | 3521 ||| READING 5 scrolls of teleportation.
  3522 | D:5      | 3522 ||| FLEEEEING.
  3523 | D:5      | 3523 ||| FLEEEEING.
  3524 | D:5      | 3524 ||| FLEEEEING.
  3525 | D:5      | 3525 ||| FLEEEEING.
  3699 | D:5      | 3699 ||| READING 4 scrolls of teleportation.
  3734 | D:5      | 3734 ||| FLEEEEING.
  3735 | D:5      | 3735 ||| FLEEEEING.
  3736 | D:5      | 3736 ||| FLEEEEING.
  3737 | D:5      | 3737 ||| FLEEEEING.
  3738 | D:5      | 3738 ||| READING 3 scrolls of teleportation.
  3739 | D:5      | 3739 ||| FLEEEEING.
  3740 | D:5      | 3740 ||| FLEEEEING.
  3741 | D:5      | 3741 ||| FLEEEEING.
  3742 | D:5      | 3742 ||| FLEEEEING.
  3743 | D:5      | 3743 ||| FLEEEEING.
  3744 | D:5      | 3744 ||| FLEEEEING.
  3745 | D:5      | 3745 ||| FLEEEEING.
  3746 | D:5      | 3746 ||| READING 2 scrolls of teleportation.
  3822 | D:5      | Killed Ijyb
  3823 | D:5      | Reached XP level 8. HP: 49/49 MP: 8/8
  3982 | D:5      | Found a shimmering blue altar of Sif Muna.
  4055 | D:5      | 4055 ||| UPGRADING to amulet of reflection.
  4060 | D:5      | 4060 ||| READING scroll labelled VUOQIS KEAK.
  4061 | D:5      | 4061 ||| DRINKING 3 cyan potions.
  4061 | D:5      | Gained mutation: You are agile. (Dex +4, Str/Int -1)
                  | [potion of mutation]
  4061 | D:5      | Gained mutation: Your spells are a little harder to cast,
                  | but a little more powerful. [potion of mutation]
  4062 | D:5      | 4062 ||| READING 2 scrolls of identify.
  4062 | D:5      | 4062 ||| IDENTIFYING murky inky potion
  4063 | D:5      | 4063 ||| DROPPING potion of ambrosia.
  4264 | D:6      | Reached skill level 9 in Ranged Weapons
  4279 | D:6      | 4279 ||| Stepping ~*~*~tactically~*~*~ (retreating).
  4281 | D:6      | 4281 ||| Stepping ~*~*~tactically~*~*~ (retreating).
  4282 | D:6      | 4282 ||| Stepping ~*~*~tactically~*~*~ (retreating).
  4283 | D:6      | 4283 ||| Stepping ~*~*~tactically~*~*~ (retreating).
  4285 | D:6      | 4285 ||| Stepping ~*~*~tactically~*~*~ (retreating).
  4286 | D:6      | 4286 ||| Stepping ~*~*~tactically~*~*~ (retreating).
  4287 | D:6      | 4287 ||| Stepping ~*~*~tactically~*~*~ (retreating).
  4303 | D:6      | Reached skill level 6 in Fighting
  4396 | D:6      | 4396 ||| RETREEAATING.
  4410 | D:6      | HP: 11/51 [something (3)]
  4411 | D:6      | 4411 ||| READING scroll of teleportation.
  4412 | D:6      | 4412 ||| DRINKING 2 potions of heal wounds.
  4480 | D:6      | Found a sparkling altar of Nemelex Xobeh.
  4511 | D:6      | 4511 ||| RETREEAATING.
  4526 | D:6      | HP: 11/51 [gnoll/+0 spear[a gnoll sergeant] (2)]
  4527 | D:6      | 4527 ||| DRINKING potion of heal wounds.
  4810 | D:6      | Reached skill level 10 in Ranged Weapons
  4810 | D:6      | Reached XP level 9. HP: 54/55 MP: 9/9
  4815 | D:6      | Reached skill level 3 in Dodging
  4816 | D:6      | 4816 ||| FLEEEEING.
  4817 | D:6      | 4817 ||| FLEEEEING.
  4819 | D:6      | 4819 ||| FLEEEEING.
  4820 | D:6      | 4820 ||| FLEEEEING.
  4821 | D:6      | 4821 ||| FLEEEEING.
  4822 | D:6      | 4822 ||| FLEEEEING.
  4823 | D:6      | 4823 ||| FLEEEEING.
  4824 | D:6      | 4824 ||| FLEEEEING.
  4827 | D:6      | 4827 ||| FLEEEEING.
  4828 | D:6      | 4828 ||| FLEEEEING.
  4829 | D:6      | 4829 ||| STAIRDANCE
  4849 | D:5      | 4849 ||| READING scroll labelled SESTOU TIKAT.
  4850 | D:5      | 4850 ||| READING 3 scrolls of identify.
  4850 | D:5      | 4850 ||| IDENTIFYING viscous clear potion
  4851 | D:5      | 4851 ||| READING 2 scrolls of identify.
  4851 | D:5      | 4851 ||| IDENTIFYING purple potion
  4854 | D:6      | 4854 ||| STAIRDANCE
  4943 | D:6      | 4943 ||| STAIRDANCE
  5065 | D:6      | Found a staircase to the Ecumenical Temple.
  5066 | D:6      | 5066 ||| PLANNING TEMPLE
  5077 | Temple   | Entered the Ecumenical Temple
  5078 | Temple   | 5078 ||| PLANNING OKAWARU WORSHIP
  5098 | Temple   | Became a worshipper of Warmaster Okawaru
  5099 | Temple   | 5099 ||| PLANNING D:1-11
  5439 | D:7      | 5439 ||| FLEEEEING.
  5891 | D:7      | Found a broken altar of Ashenzari.
  5895 | D:7      | Saw a vision of the Shoals and the Snake Pit.
  5895 | D:7      | Noticed a mana viper
  5895 | D:7      | Noticed a water nymph
  5895 | D:7      | Noticed a salamander
  5895 | D:7      | Noticed a manticore
  5895 | D:7      | Noticed a naga mage
  5895 | D:7      | Noticed a naga mage
  5895 | D:7      | Noticed a merfolk javelineer
  5896 | D:7      | Noticed a naga mage
  5897 | D:7      | Noticed a wind drake
  5899 | D:7      | Noticed a naga mage
  5900 | D:7      | Noticed a naga warrior
  5902 | D:7      | Noticed a naga warrior
  6216 | D:8      | Reached * piety under Okawaru
  6217 | D:8      | Reached skill level 11 in Ranged Weapons
  6396 | D:8      | Found a sacrificial altar of Ru.
  6411 | D:8      | Reached skill level 1 in Invocations
  6593 | D:8      | 6593 ||| Stepping ~*~*~tactically~*~*~ (retreating).
  6621 | D:8      | 6621 ||| INVOKING Heroism.
  6623 | D:8      | Reached skill level 3 in Invocations
  6633 | D:8      | Reached XP level 10. HP: 24/64 MP: 10/12
  6651 | D:8      | 6651 ||| FLEEEEING.
  6657 | D:8      | 6657 ||| INVOKING Heroism.
  6796 | D:8      | Identified the +3 shortbow "Mamaho" {heavy, Will++ Str+4
                  | Int+3}
  6798 | D:8      | 6798 ||| SWAPPING to +3 shortbow "Mamaho" {heavy, Will++
                  | Str+4 Int+3}.
  6799 | D:8      | 6799 ||| DROPPING +0 heavy shortbow.
  7326 | D:8      | 7326 ||| READING 3 scrolls of identify.
  7326 | D:8      | 7326 ||| IDENTIFYING silvery potion
  7327 | D:8      | 7327 ||| READING 2 scrolls of identify.
  7327 | D:8      | 7327 ||| IDENTIFYING viscous silvery potion
  7328 | D:8      | 7328 ||| DROPPING potion of invisibility.
  7361 | D:9      | Noticed Pikel
  7362 | D:9      | 7362 ||| STAIRDANCE
  7369 | D:9      | 7369 ||| Stepping ~*~*~tactically~*~*~ (retreating).
  7370 | D:9      | 7370 ||| Stepping ~*~*~tactically~*~*~ (retreating).
  7371 | D:9      | 7371 ||| Stepping ~*~*~tactically~*~*~ (retreating).
  7372 | D:9      | 7372 ||| Stepping ~*~*~tactically~*~*~ (retreating).
  7373 | D:9      | 7373 ||| Stepping ~*~*~tactically~*~*~ (retreating).
  7374 | D:9      | 7374 ||| Stepping ~*~*~tactically~*~*~ (retreating).
  7375 | D:9      | 7375 ||| INVOKING Heroism.
  7382 | D:9      | Killed Pikel
  7382 | D:9      | Reached ** piety under Okawaru
  7383 | D:9      | Reached skill level 12 in Ranged Weapons
  7470 | D:9      | 7470 ||| INVOKING Heroism.
  7520 | D:9      | 7520 ||| INVOKING Heroism.
  7529 | D:9      | 7529 ||| RETREEAATING.
  7541 | D:9      | 7541 ||| INVOKING Heroism.
  7544 | D:9      | HP: 10/64 [swamp worm (17)]
  7545 | D:9      | 7545 ||| READING scroll of teleportation.
  7546 | D:9      | 7546 ||| DRINKING potion of heal wounds.
  7613 | D:9      | 7613 ||| INVOKING Heroism.
  7700 | D:9      | Found an ornate altar of the Wu Jian Council.
  7702 | D:9      | 7702 ||| RETREEAATING.
  7716 | D:9      | 7716 ||| INVOKING Heroism.
  7825 | D:9      | 7825 ||| INVOKING Heroism.
  7832 | D:9      | Reached skill level 13 in Ranged Weapons
  7956 | D:9      | 7956 ||| INVOKING Heroism.
  7960 | D:9      | Reached skill level 3 in Armour
  8052 | D:9      | 8052 ||| INVOKING Heroism.
  8058 | D:9      | 8058 ||| RETREEAATING.
  8059 | D:9      | 8059 ||| STILL RETREEAATING.
  8067 | D:9      | Noticed Maurice
  8081 | D:9      | Killed Maurice
  8082 | D:9      | Reached skill level 9 in Fighting
  8082 | D:9      | Reached XP level 11. HP: 71/71 MP: 14/14
  8102 | D:9      | 8102 ||| INVOKING Heroism.
  8103 | D:9      | Noticed Maggie
  8104 | D:9      | 8104 ||| RETREEAATING.
  8105 | D:9      | 8105 ||| STILL RETREEAATING.
  8106 | D:9      | 8106 ||| STILL RETREEAATING.
  8107 | D:9      | 8107 ||| STILL RETREEAATING.
  8108 | D:9      | 8108 ||| STILL RETREEAATING.
  8125 | D:9      | Killed Maggie
  8129 | D:9      | 8129 ||| INVOKING Heroism.
  8227 | D:9      | 8227 ||| INVOKING Heroism.
  8289 | D:9      | Noticed a two-headed ogre
  8290 | D:9      | 8290 ||| INVOKING Heroism.
  8294 | D:9      | Killed a two-headed ogre
  8335 | D:9      | Noticed Prince Ribbit
  8337 | D:9      | Killed Prince Ribbit
  8447 | D:9      | 8447 ||| RETREEAATING.
  8449 | D:9      | 8449 ||| STILL RETREEAATING.
  8451 | D:9      | 8451 ||| STILL RETREEAATING.
  8453 | D:9      | 8453 ||| STILL RETREEAATING.
  8454 | D:9      | 8454 ||| STILL RETREEAATING.
  8455 | D:9      | 8455 ||| STILL RETREEAATING.
  8456 | D:9      | 8456 ||| STILL RETREEAATING.
  8457 | D:9      | Reached *** piety under Okawaru
  8460 | D:9      | 8460 ||| Stepping ~*~*~tactically~*~*~ (retreating).
  8462 | D:9      | 8462 ||| Stepping ~*~*~tactically~*~*~ (retreating).
  8465 | D:9      | 8465 ||| STILL RETREEAATING.
  8473 | D:9      | 8473 ||| Stepping ~*~*~tactically~*~*~ (retreating).
  8474 | D:9      | 8474 ||| Stepping ~*~*~tactically~*~*~ (retreating).
  8480 | D:9      | Reached skill level 14 in Ranged Weapons
  8598 | D:9      | 8598 ||| UPGRADING to +0 cloak.
  8603 | D:9      | 8603 ||| UPGRADING to +0 acid dragon scales.
  8613 | D:9      | 8613 ||| DROPPING +0 ring mail.
  8614 | D:9      | 8614 ||| READING 2 scrolls of identify.
  8614 | D:9      | 8614 ||| IDENTIFYING red potion
  8615 | D:9      | 8615 ||| DROPPING potion of degeneration.
  8646 | D:10     | Entered Level 10 of the Dungeon
  8647 | D:10     | 8647 ||| INVOKING Heroism.
  8648 | D:10     | 8648 ||| STAIRDANCE
  8663 | D:10     | 8663 ||| STAIRDANCE
  8677 | D:10     | 8677 ||| STAIRDANCE
  8686 | D:10     | 8686 ||| STAIRDANCE
  8688 | D:9      | 8688 ||| Stepping ~*~*~tactically~*~*~ (retreating).
  8689 | D:9      | 8689 ||| Stepping ~*~*~tactically~*~*~ (retreating).
  8690 | D:9      | 8690 ||| Stepping ~*~*~tactically~*~*~ (retreating).
  8691 | D:9      | 8691 ||| Stepping ~*~*~tactically~*~*~ (retreating).
  8693 | D:9      | 8693 ||| Stepping ~*~*~tactically~*~*~ (retreating).
  8694 | D:9      | 8694 ||| Stepping ~*~*~tactically~*~*~ (retreating).
  8695 | D:9      | 8695 ||| Stepping ~*~*~tactically~*~*~ (retreating).
  8696 | D:9      | 8696 ||| Stepping ~*~*~tactically~*~*~ (retreating).
  8697 | D:9      | 8697 ||| INVOKING Heroism.
  8829 | D:10     | Found a staircase to the Lair.
  8883 | D:10     | Found a blossoming altar of Fedhas.
  8912 | D:10     | Noticed an oklob plant
  8913 | D:10     | 8913 ||| INVOKING Heroism.
  8932 | D:10     | 8932 ||| INVOKING Heroism.
  8936 | D:10     | Killed an oklob plant
  9026 | D:10     | Noticed Nergalle
  9027 | D:10     | 9027 ||| INVOKING Heroism.
  9035 | D:10     | Killed Nergalle
  9130 | D:10     | Reached **** piety under Okawaru
  9453 | D:10     | 9453 ||| INVOKING Heroism.
  9458 | D:10     | Reached XP level 12. HP: 77/77 MP: 12/15
  9724 | D:10     | 9724 ||| PLANNING LAIR
  9758 | Lair:1   | Entered Level 1 of the Lair of Beasts
  9801 | Lair:1   | Noticed Grum
  9802 | Lair:1   | 9802 ||| RETREEAATING.
  9803 | Lair:1   | 9803 ||| INVOKING Heroism.
  9805 | Lair:1   | 9805 ||| Stepping ~*~*~tactically~*~*~ (retreating).
  9806 | Lair:1   | 9806 ||| Stepping ~*~*~tactically~*~*~ (retreating).
  9807 | Lair:1   | 9807 ||| Stepping ~*~*~tactically~*~*~ (retreating).
  9808 | Lair:1   | 9808 ||| Stepping ~*~*~tactically~*~*~ (retreating).
  9809 | Lair:1   | 9809 ||| Stepping ~*~*~tactically~*~*~ (retreating).
  9816 | Lair:1   | Reached skill level 6 in Dodging
  9824 | Lair:1   | Killed Grum
  9981 | Lair:1   | Identified the +4 morningstar of Noiruen {freeze, rElec}
 10015 | Lair:1   | 10015 ||| INVOKING Heroism.
 10025 | Lair:1   | Reached skill level 6 in Invocations
 10031 | Lair:1   | HP: 19/78 [cane toad (7)]
 10032 | Lair:1   | 10032 ||| READING 2 scrolls of teleportation.
 10033 | Lair:1   | 10033 ||| DRINKING potion of heal wounds.
 10057 | Lair:1   | 10057 ||| FLEEEEING.
 10058 | Lair:1   | 10058 ||| FLEEEEING.
 10059 | Lair:1   | 10059 ||| INVOKING Heroism.
 10237 | Lair:1   | 10237 ||| RETREEAATING.
 10238 | Lair:1   | 10238 ||| STILL RETREEAATING.
 10241 | Lair:1   | 10241 ||| Stepping ~*~*~tactically~*~*~ (retreating).
 10243 | Lair:1   | 10243 ||| Stepping ~*~*~tactically~*~*~ (retreating).
 10244 | Lair:1   | 10244 ||| Stepping ~*~*~tactically~*~*~ (retreating).
 10245 | Lair:1   | 10245 ||| Stepping ~*~*~tactically~*~*~ (retreating).
 10252 | Lair:1   | 10252 ||| INVOKING Heroism.
 10558 | Lair:1   | 10558 ||| INVOKING Heroism.
 10561 | Lair:1   | 10561 ||| RETREEAATING.
 10618 | Lair:1   | Noticed a catoblepas
 10618 | Lair:1   | Noticed a catoblepas
 10638 | Lair:1   | Found a runed translucent door.
 10872 | Lair:2   | 10872 ||| Stepping ~*~*~tactically~*~*~ (retreating).
 10873 | Lair:2   | 10873 ||| Stepping ~*~*~tactically~*~*~ (retreating).
 10874 | Lair:2   | 10874 ||| Stepping ~*~*~tactically~*~*~ (retreating).
 10875 | Lair:2   | 10875 ||| Stepping ~*~*~tactically~*~*~ (retreating).
 10939 | Lair:2   | 10939 ||| INVOKING Heroism.
 10999 | Lair:2   | 10999 ||| INVOKING Heroism.
 11000 | Lair:2   | 11000 ||| RETREEAATING.
 11001 | Lair:2   | 11001 ||| STILL RETREEAATING.
 11003 | Lair:2   | 11003 ||| STILL RETREEAATING.
 11004 | Lair:2   | 11004 ||| STILL RETREEAATING.
 11005 | Lair:2   | 11005 ||| STILL RETREEAATING.
 11007 | Lair:2   | 11007 ||| STILL RETREEAATING.
 11010 | Lair:2   | 11010 ||| STILL RETREEAATING.
 11063 | Lair:2   | Noticed a thrashing horror
 11068 | Lair:2   | Found a transporter.
 11068 | Lair:2   | Noticed a hell hog
 11073 | Lair:2   | Noticed qw's ghost (journeyman GrHu)
 11090 | Lair:2   | 11090 ||| INVOKING Heroism.
 11168 | Lair:2   | 11168 ||| INVOKING Heroism.
 11169 | Lair:2   | 11169 ||| RETREEAATING.
 11228 | Lair:2   | 11228 ||| INVOKING Heroism.
 11266 | Lair:2   | 11266 ||| INVOKING Heroism.
 11405 | Lair:2   | Found a transporter.
 11414 | Lair:2   | Found a one-way gate to the infinite horrors of the Abyss.
 11498 | Lair:2   | Reached skill level 12 in Fighting
 11502 | Lair:2   | 11502 ||| INVOKING Heroism.
 11603 | Lair:2   | 11603 ||| UPGRADING to +4 ring of protection.
 11605 | Lair:2   | 11605 ||| DROPPING ring of positive energy.
 11606 | Lair:2   | 11606 ||| READING scroll labelled AKHIUN XANIQ.
 11611 | Lair:3   | Found a staircase to the Snake Pit.
 11614 | Lair:3   | 11614 ||| RETREEAATING.
 11619 | Lair:3   | 11619 ||| INVOKING Heroism.
 11620 | Lair:3   | 11620 ||| STAIRDANCE
 11635 | Lair:3   | 11635 ||| RETREEAATING.
 11644 | Lair:3   | 11644 ||| INVOKING Heroism.
 11653 | Lair:3   | Reached skill level 9 in Invocations
 11710 | Lair:3   | Noticed a skyshark
 11728 | Lair:3   | Killed a skyshark
 11729 | Lair:3   | Reached XP level 13. HP: 83/86 MP: 20/20
 11799 | Lair:3   | 11799 ||| INVOKING Heroism.
 11844 | Lair:3   | 11844 ||| RETREEAATING.
 11939 | Lair:3   | 11939 ||| RETREEAATING.
 11941 | Lair:3   | 11941 ||| RETREEAATING.
 11943 | Lair:3   | 11943 ||| RETREEAATING.
 11944 | Lair:3   | 11944 ||| STILL RETREEAATING.
 11945 | Lair:3   | 11945 ||| STILL RETREEAATING.
 11946 | Lair:3   | 11946 ||| STILL RETREEAATING.
 11947 | Lair:3   | 11947 ||| STILL RETREEAATING.
 11952 | Lair:3   | 11952 ||| Stepping ~*~*~tactically~*~*~ (retreating).
 11953 | Lair:3   | 11953 ||| Stepping ~*~*~tactically~*~*~ (retreating).
 11954 | Lair:3   | 11954 ||| Stepping ~*~*~tactically~*~*~ (retreating).
 11955 | Lair:3   | 11955 ||| Stepping ~*~*~tactically~*~*~ (retreating).
 11956 | Lair:3   | 11956 ||| Stepping ~*~*~tactically~*~*~ (retreating).
 11957 | Lair:3   | 11957 ||| Stepping ~*~*~tactically~*~*~ (retreating).
 11968 | Lair:3   | 11968 ||| INVOKING Heroism.
 11974 | Lair:3   | Reached skill level 6 in Armour
 11985 | Lair:3   | HP: 15/86 [rime drake/icy flash freeze (21)]
 11986 | Lair:3   | 11986 ||| READING scroll of teleportation.
 11990 | Lair:3   | 11990 ||| FLEEEEING.
 11995 | Lair:3   | 11995 ||| FLEEEEING.
 11996 | Lair:3   | 11996 ||| FLEEEEING.
 12003 | Lair:3   | HP: 21/87 [eight-headed hydra (1)]
 12005 | Lair:3   | HP: 10/87 [eight-headed hydra (9)]
 12007 | Lair:3   | HP: 2/87 [eight-headed hydra (3)]
 12009 | Lair:3   | Slain by an eight-headed hydra

Levels and vault maps discovered:
D:1:      spicycebolla_arrival_risky_transporter, layout_basic,
          minmay_misc_feat_nine_boxes, bh_walls_and_bars
D:2:      minmay_door_path, layout_loops_ring, serial_shops,
          nicolae_diamond_shop
D:3:      minmay_roachtagon, layout_basic, eat_drink_and_be_merry_uskayaw,
          hellmonk_ecumenical_altar_arch_garden, st_stairs_3, uniq_natasha,
          uniq_grinder
D:4:      layout_cave_pools, nicolae_tso_besieged_by_evil,
          chequers_serial_rivers_micro_a
D:5:      layout_basic, kennysheep_orc_sif_temple, serial_shops,
          nicolae_shop_hallway_stairs, chequers_serial_rivers_small_a, uniq_ijyb
D:6:      layout_layer_cave, lemuel_coloured_pillars_altar,
          minmay_temple_entry_proselytizer, st_stairs_8, skrybe_limestone_x
D:7:      layout_basic, grunt_ashenzari_visionary
          [grunt_ashenzari_visionary_shoals, grunt_ashenzari_visionary_snake]
D:8:      minmay_recursive_quarters, layout_loops_corners,
          mainiacjoe_overflow_boulevard, dk_noncrumbling_4, minmay_checkerbox
D:9:      layout_rooms, mainiacjoe_overflow_surrounded_room, worms_lemuel,
          uniq_maurice, uniq_maggie, uniq_pikel, uniq_prince_ribbit1
D:10:     layout_basic, tgw_fedhas, minmay_lair_entry_grove, uniq_nergalle
Temple:   jpeg_temple_clearing
Lair:1:   gammafunk_lair_enchanted_lake, layout_hall_layers, uniq_grum
Lair:2:   layout_cave_shapes, gammafunk_ghost_abyssal_escape
Lair:3:   layout_long_grid, elwin_shoals_entry_stream,
          minmay_snake_entry_guardpost_small, chequers_serial_rivers_large_a,
          minmay_lair_oklob_items, serial_bayou_shore_b, lemuel_fruit_fields

Skill      XL: |  1  2  3  4  5  6  7  8  9 10 11 12 13 |
---------------+----------------------------------------+-----
Ranged Weapons | 5 7 8 10 11 13 14 | 14.0
Fighting       | 3 5 6 8 9 10 12 | 12.4
Armour         | 1 2 3 5 6 |  6.1
Dodging        | 2 3 4 5 6 7 |  7.0
Invocations    | 3 4 5 9 10 | 10.0
Stealth        | |  1.1

Action                     |  1- 3 |  4- 6 |  7- 9 | 10-12 | 13-15 || total
---------------------------+-------+-------+-------+-------+-------++-------
  Melee: Unarmed           |       |       |     7 |       |       ||     7
   Fire: Shortbow          |   110 |   185 |   420 |   543 |    85 ||  1343
 Invoke: Heroism           |       |       |     1 |    34 |     2 ||    37
    Use: Scroll            |     7 |     2 |    19 |     6 |     1 ||    35
         Potion            |       |       |     4 |     2 |       ||     6
 Armour: Leather armour    |    25 |    14 |       |       |       ||    39
         Ring mail         |       |    61 |   147 |    47 |       ||   255
         Skin              |       |       |    11 |       |       ||    11
         Acid dragon scale |       |       |       |   145 |    65 ||   210
  Dodge: Dodged            |    26 |    79 |   215 |   360 |   131 ||   811
  Block: Other             |       |       |    52 |    91 |    24 ||   167
         Reflection        |       |       |     5 |     2 |       ||     7

Table legend:
 A = Non-vault XP
 B = Vault XP
 C = Vault XP percentage of total XP
 D = Non-vault monster count
 E = Vault monster count
 F = Vault count percentage of total count
                 A         B        C        D         E       F
            +---------+---------+-------+---------+---------+-------
      Total |   26780 |    9917 |  27.0 |     267 |      74 |  21.7
            +---------+---------+-------+---------+---------+-------
        D:1 |      48 |       0 |   0.0 |      21 |       0 |   0.0
        D:2 |      77 |       5 |   6.1 |      31 |       3 |   8.8
        D:3 |     146 |     341 |  70.0 |      14 |      14 |  50.0
        D:4 |     196 |      60 |  23.4 |      15 |      11 |  42.3
        D:5 |     434 |      75 |  14.7 |      12 |       3 |  20.0
        D:6 |    1285 |     158 |  10.9 |      35 |       2 |   5.4
        D:7 |     546 |       0 |   0.0 |      22 |       0 |   0.0
        D:8 |    1109 |     786 |  41.5 |      20 |       8 |  28.6
        D:9 |    5171 |    3116 |  37.6 |      33 |      12 |  26.7
       D:10 |    2220 |    2636 |  54.3 |       9 |       9 |  50.0
     Lair:1 |    3335 |    2432 |  42.2 |      15 |      10 |  40.0
     Lair:2 |    4774 |       0 |   0.0 |      20 |       0 |   0.0
     Lair:3 |    7439 |     308 |   4.0 |      20 |       2 |   9.1
            +---------+---------+-------+---------+---------+-------
